 Dungeon Crawl Stone Soup version 0.28-a0-655-g4eb62b627b (webtiles) character file.

Game seed: 7210930304934398932

2440 kae the Grappler (level 9, -1/85 (90) HPs)
             Began as a Red Draconian Transmuter on Oct 12, 2021.
             Was an Initiate of Ru.
             Slain by an orc warrior (8 damage)
             ... on level 7 of the Dungeon.
             The game lasted 00:06:03 (7803 turns).

kae the Grappler (Red Draconian Transmuter)         Turns: 7803, Time: 00:06:04

HP:   -1/85 (90)    AC:  7    Str: 13    XL:     9   Next: 25%
MP:   19/21         EV: 10    Int: 16    God:    Ru [......]
Gold: 389           SH:  5    Dex: 12    Spells: 4/12 levels left

rFire   x . .      SeeInvis .     - Unarmed
rCold   + + +      Faith    .   (shield currently unavailable)
rNeg    . . .      Spirit   .   (armour unavailable)
rPois   +          Reflect  +   (helmet currently unavailable)
rElec   .          Harm     .   (cloak currently unavailable)
rCorr   .          Rampage  .   (gloves currently unavailable)
Will    .....                   (boots currently unavailable)
Stlth   +.........              h - amulet of reflection
HPRegen 0.24/turn               l - ring of wizardry
MPRegen 0.17/turn               b - ring of magical power

@: ice-form, drained, invisible
A: freezing attack, amphibious, boosted hp, (breathe fire), AC +7, large,
unfitting armour, (fire resistance 1), (cold-blooded)
a: End Transformation, Renounce Religion


You were on level 7 of the Dungeon.
You worshipped Ru.
Ru was noncommittal.
You were a creature of crystalline ice.
You visited 2 branches of the dungeon, and saw 9 of its levels.

You collected 389 gold pieces.

Inventory:

Armour
 g - a +1 cloak (melded)
Jewellery
 b - a ring of magical power (right front paw)
 h - an amulet of reflection (around neck)
 i - a ring of flight
 l - a ring of wizardry (left front paw)
Wands
 c - a wand of iceblast (9)
Scrolls
 d - 2 scrolls of immolation
 e - 2 scrolls of teleportation
Potions
 a - a potion of mutation
 f - a potion of flight
 k - a potion of cancellation
 m - a potion of attraction
 n - a potion of degeneration
 o - a potion of haste


   Skills:
 + Level 5.6 Fighting
 - Level 1.7 Dodging
 * Level 8.2 Unarmed Combat
 - Level 2.0 Spellcasting
 + Level 5.6 Transmutations
 * Level 4.9 Ice Magic
 - Level 2.0 Poison Magic


You had 4 spell levels left.
You knew the following spells:

 Your Spells              Type           Power      Damage    Failure   Level
a - Beastly Appendage     Tmut           38%        N/A       1%          1
b - Spider Form           Tmut/Pois      6%         N/A       5%          3
c - Ice Form              Ice/Tmut       18%        N/A       10%         4

Your spell library contained the following spells:

 Spells                   Type           Power      Damage    Failure   Level
 Wereblood                Tmut           19%        N/A       1%          2


Dungeon Overview and Level Annotations

Branches:
Dungeon (8/15)             Temple (1/1) D:7
   Lair: D:8-11

Altars:
Ashenzari
Cheibriados
Dithmenos
Elyvilon
Fedhas
Gozag
Hepliaklqana
Kikubaaqudgha
Makhleb
Nemelex Xobeh
Okawaru
Qazlal
Ru
Sif Muna
Trog
Uskayaw
Vehumet
Wu Jian
Xom
Yredelemnul
Zin
The Shining One

Annotations:
D:7 Joseph


Innate Abilities, Weirdness & Mutations

You are a creature of crystalline ice.
You have a powerful freezing melee attack.
You are amphibious.
Your maximum health is increased.
Your armour is entirely melded.
You are incapable of wielding weapons or throwing items.
((You can breathe blasts of fire.))
((Your fiery red scales are hard. (AC +7)))
You cannot fit into any form of body armour.
((Your flesh is heat resistant. (rF+)))
((You are cold-blooded and may be slowed by cold attacks.))


Message History

There is a stone staircase leading up here.
You pummel the orc!! You freeze the orc.
You kill the orc!
Joseph shoots a sling bullet.
You reflect the sling bullet off an invisible shield around you!
The sling bullet completely misses Joseph.
Joseph shoots a sling bullet.
The sling bullet barely misses you.
You hit the orc warrior but do no damage.
Joseph shoots a sling bullet.
The sling bullet hits you!
An orc comes into view. It is wielding a +0 club.
You block the orc warrior's attack.
An orc comes into view. It is wielding a +0 war axe.
The orc priest miscasts a cantrip.
The orc shouts!
You hit the orc warrior but do no damage.
The orc warrior hits you with a +0 scimitar!
Joseph unwields a +0 hunting sling.
Joseph wields a +2 vorpal quarterstaff.
You block Joseph's attack.
The orc warrior hits you with a +0 scimitar!
You climb upwards.
There is a stone staircase leading down here.
You punch Joseph! You freeze Joseph.
Joseph is lightly wounded.
Joseph closely misses you.
You completely miss Joseph.
Joseph is lightly wounded.
The orc warrior hits you with a +0 scimitar!
* * * LOW HITPOINT WARNING * * *
You block Joseph's attack.
You punch Joseph! You freeze Joseph.
Joseph is moderately wounded.
The orc warrior hits you with a +0 scimitar!
* * * LOW HITPOINT WARNING * * *
Joseph hits you with a +2 vorpal quarterstaff.
* * * LOW HITPOINT WARNING * * *
x2
Okay, then.
It was a potion of invisibility.
You fade into invisibility!
The orc warrior hits you with a +0 scimitar!
You die...

...>...###.#...............#.....
.....###...##..............#.....
...#........#.....##.....######..
.....##..>..##....##.....####...#
...#..#........#..........#......
#####.##...###............'......
.......#.###...##'##......#......
.......#.#......@)##......#......
...............oY.##.....###....#
........#...^..)[.##########.....
...##......##.....#.......#......
...##########.....#.......#......
#####......##...(.##......'......
....#......##.....##......##.....
....#......#......##########.....
....#......#.......#......##.....
....#......#.......#......#......


You could see Joseph and an orc warrior.

Vanquished Creatures
  A two-headed ogre (D:5)
  Sigmund (D:2)
  A water moccasin (D:7)
  A hornet zombie (D:6)
  A sky beast (D:3)
  4 necrophages (D:4)
  A centaur (D:7)
  2 bullfrogs (D:7)
  A wyvern zombie (D:8)
  A wight (D:7)
  3 howler monkeys (D:7)
  A bullfrog skeleton (D:4)
  4 hounds
  2 orc priests
  Crazy Yiuf (D:2)
  2 jellies
  A gnoll shaman (D:6)
  2 scorpion zombies
  Natasha (D:4)
  An iguana (D:7)
  An orc wizard (D:8)
  Robin (D:2)
  2 howler monkey zombies
  3 gnolls (D:6)
  An adder (D:4)
  A white imp (D:3)
  An adder zombie (D:4)
  An adder skeleton (D:5)
  5 dart slugs
  9 orcs
  6 endoplasms
  6 giant cockroaches
  14 goblins
  11 hobgoblins
  4 jackals (D:4)
  6 kobolds
  2 quokkas (D:2)
  6 ball pythons
  6 bats
  A frilled lizard (D:1)
  9 rats
128 creatures vanquished.

Vanquished Creatures (others)
  A bush (D:4)
  9 plants (D:4)
10 creatures vanquished.

Grand Total: 138 creatures vanquished

Notes
Turn   | Place    | Note
-------+----------+-------------------------------------------
     0 | D:1      | kae the Draconian Transmuter began the quest for the Orb.
     0 | D:1      | Reached XP level 1. HP: 16/16 MP: 3/3
   280 | D:1      | Found a faded altar of an unknown god.
   539 | D:1      | Reached XP level 2. HP: 18/23 MP: 3/5
  1214 | D:2      | Noticed Sigmund
  1512 | D:2      | Reached XP level 3. HP: 22/29 MP: 3/6
  1588 | D:1      | Learned a level 3 spell: Spider Form
  1603 | D:2      | Killed Sigmund
  1604 | D:2      | Reached skill level 4 in Unarmed Combat
  1604 | D:2      | Reached XP level 4. HP: 31/38 MP: 4/7
  1604 | D:2      | Reached XP level 5. HP: 36/45 MP: 4/8
  1776 | D:2      | Noticed Robin
  2013 | D:2      | Killed Robin
  2324 | D:2      | Found a runed translucent door.
  2325 | D:2      | Noticed Crazy Yiuf
  2392 | D:2      | Killed Crazy Yiuf
  2393 | D:2      | Reached skill level 5 in Unarmed Combat
  2393 | D:2      | Reached skill level 1 in Poison Magic
  2659 | D:3      | Noticed a sky beast
  2669 | D:3      | Killed a sky beast
  2670 | D:3      | Reached XP level 6. HP: 29/51 MP: 2/9
  2892 | D:3      | Learned a level 4 spell: Ice Form
  3420 | D:4      | Found a blossoming altar of Fedhas.
  3981 | D:4      | Reached skill level 1 in Ice Magic
  4161 | D:4      | Noticed Natasha
  4169 | D:4      | Killed Natasha
  4481 | D:4      | Your scales start taking on a fiery red colour.
  4481 | D:4      | Reached XP level 7. HP: 58/58 MP: 10/10
  4481 | D:4      | Gained mutation: Your flesh is heat resistant. (rF+) [Red
                  | Draconian growth]
  4488 | D:4      | Reached skill level 6 in Unarmed Combat
  4574 | D:5      | Entered Level 5 of the Dungeon
  4718 | D:5      | Noticed a two-headed ogre
  4732 | D:5      | Killed a two-headed ogre
  4733 | D:5      | Reached skill level 7 in Unarmed Combat
  4733 | D:5      | Reached skill level 5 in Transmutations
  4733 | D:5      | Reached XP level 8. HP: 59/67 MP: 11/11
  5574 | D:6      | Reached skill level 5 in Fighting
  6433 | D:7      | Found a staircase to the Ecumenical Temple.
  6455 | Temple   | Entered the Ecumenical Temple
  6580 | Temple   | Became a worshipper of Ru the Awakened
  6788 | D:7      | Reached XP level 9. HP: 74/74 MP: 12/12
  7039 | D:8      | Noticed Joseph
  7048 | D:7      | Reached skill level 8 in Unarmed Combat
  7803 | D:7      | Slain by an orc warrior

Illustrated notes

Levels and vault maps discovered:
D:1:      scummos_arrival_checkerplants, layout_basic,
          chequers_ecumenical_altar_simple
D:2:      layout_rooms, uniq_crazy_yiuf_cottage, uniq_robin, uniq_sigmund
D:3:      layout_basic
D:4:      layout_gridville, fedhas_altar_decomposition,
          hangedman_abyss_or_decor_lesser_grid, chequers_garden, uniq_natasha
D:5:      layout_basic
D:6:      layout_basic, hangedman_decor_growths
D:7:      layout_gridville, minmay_temple_entry_slanted
D:8:      layout_rooms, grunt_lair_entry_orc_guard_hut, serial_shops,
          shop_fountains, serial_bayou_pond_d, nrook_mini_vaults,
          dk_noncrumbling_3, minmay_misc_feat_tiny, grunt_ministairs_2,
          uniq_joseph
Temple:   kilobyte_greek_temple

Skill      XL: |  1  2  3  4  5  6  7  8  9 |
---------------+----------------------------+-----
Fighting       | 3 4 5 |  5.6
Unarmed Combat | 4 5 7 8 |  8.2
Transmutations | 3 5 |  5.6
Poison Magic   | 1 2 |  2.0
Ice Magic      | 1 3 4 |  4.9
Dodging        | |  1.7
Spellcasting   | |  2.0

Action                   |  1- 3 |  4- 6 |  7- 9 || total
-------------------------+-------+-------+-------++-------
Melee: Unarmed           |    67 |   160 |   135 ||   362
       Kick              |     5 |     6 |       ||    11
       Headbutt          |     2 |     3 |       ||     5
       Tailslap          |     4 |     5 |     6 ||    15
       Punch             |       |       |     1 ||     1
 Cast: Beastly Appendage |    16 |    14 |       ||    30
       Spider Form       |     1 |    19 |       ||    20
       Ice Form          |       |     1 |    15 ||    16
 Abil: Breathe Fire      |       |       |     2 ||     2
  Use: Scroll            |       |    10 |     2 ||    12
       Potion            |       |       |     1 ||     1
Armor: Skin              |    14 |    26 |    37 ||    77
Dodge: Dodged            |    59 |   112 |    63 ||   234
Block: Other             |       |       |    28 ||    28
       Reflection        |       |       |     2 ||     2

Table legend: (Time is in decaauts)
 A = Elapsed time spent in this place.
 B = Non-inter-level travel time spent in this place.
 C = Inter-level travel time spent in this place.
 D = Time resting spent in this place.
 E = Time spent auto-exploring this place.
 F = Levels seen in this place.
 G = Mean time per level.
                   A        B        C        D        E       F      G
               +--------+--------+--------+--------+--------+-----+--------+
         Total |   7772 |   7540 |    232 |    981 |   5500 |   9 |  863.6 |
       Dungeon |   7612 |   7413 |    199 |    981 |   5392 |   8 |  951.5 |
        Temple |    159 |    126 |     33 |      0 |    108 |   1 |  159.0 |
               +--------+--------+--------+--------+--------+-----+--------+

Top non-repeatable levels by time:
     D:1: 1586 daAuts
     D:7: 1242 daAuts
     D:4: 1240 daAuts
     D:6: 1055 daAuts
     D:2: 922 daAuts
     D:3: 802 daAuts
     D:5: 722 daAuts
  Temple: 159 daAuts
     D:8: 40 daAuts
